AoeStats
← Sweet vendeta

Black Forest

509695381Analyzed
4v4 RM · 5d ago on Sep 27, 2026· 52m 39s· 8 players
Game mode
Random Map
Map size
Large (8 player)
Population
200
Speed
Normal
Resources
Standard
Victory
Conquest
Starting age
Dark Age
Ending age
Imperial Age
RankedLock teamsTeams togetherTeam positionsShared explorationLock speedFull tech treeHidden civsTurbo modeCheats
Victory
Defeat
🇪🇸 Spanish · Spain
1179
+14
🇪🇸 Portuguese · Spain
1132
+16
🇧🇷 Danes · Brazil
1127
+16
🇸🇪 Koreans · Sweden
1082
+17
🇺🇸 Celts · United States
1149
-18
🇧🇷 Japanese · Brazil
1136
-16
🇲🇽 Italians · Mexico
1114
-15
🇧🇷 Persians · Brazil
1091
-14
Sweet vendeta
10:25 Feudal Age
11:00 Double-Bit Axe
11:39 Loom
15:25 Town Watch
15:35 Fishing Lines
18:04 Castle Age
19:58 Fervor
24:30 Fletching
25:40 Town Patrol
31:52 Imperial Age
30:33 Wheelbarrow
31:06 Bodkin Arrow
32:29 Ballistics
33:36 Chemistry
33:01 Conscription
33:08 Bracer
33:27 Hand Cart
39:13 Padded Archer Armor
39:12 Murder Holes
38:58 Treadmill Crane
39:28 Masonry
38:46 Elite Genoese Crossbowman
40:03 Bow Saw
40:24 Leather Archer Armor
41:22 Hoardings
44:21 Horse Collar
45:55 Architecture
45:52 Heavy Plow
45:45 Gold Mining
45:46 Stone Mining
46:12 Thumb Ring
47:43 Ring Archer Armor
47:24 Forging
47:16 Scale Mail Armor
47:04 Arson
47:20 Squires
48:22 Two-Man Saw
48:55 Husbandry
49:06 Bloodlines
48:16 Light Cavalry
49:23 Guard Tower
50:33 Chain Mail Armor
50:23 Scale Barding Armor
50:56 Iron Casting
50:31 Hussar
Willie Beamin
0:58 Loom
12:14 Feudal Age
13:38 Horse Collar
13:47 Double-Bit Axe
17:28 Castle Age
16:42 Wheelbarrow
24:56 Elite Skirmisher
26:19 Bow Saw
26:38 Fletching
26:48 Padded Archer Armor
28:03 Bodkin Arrow
33:54 Imperial Age
32:11 Leather Archer Armor
37:08 Ring Archer Armor
37:05 Onager
37:24 Light Cavalry
43:43 Forging
45:53 Heavy Scorpion
46:33 Hussar
Chicletinho
3:14 Loom
13:20 Feudal Age
14:50 Horse Collar
15:53 Double-Bit Axe
18:50 Castle Age
18:54 Gold Mining
19:32 Heavy Plow
19:45 Bow Saw
30:26 Imperial Age
28:41 Wheelbarrow
28:33 Scale Barding Armor
32:29 Chain Barding Armor
36:02 Plate Barding Armor
35:37 Forging
36:02 Elite War Elephant
50:49 Iron Casting
pedrocastanhal22
0:28 Loom
18:02 Feudal Age
18:59 Gold Mining
19:01 Double-Bit Axe
19:04 Town Watch
21:11 Stone Mining
21:02 Fishing Lines
21:06 Horse Collar
24:44 Castle Age
23:01 Scale Mail Armor
24:22 Wheelbarrow
26:14 Forging
26:22 Bow Saw
27:22 Heavy Plow
28:07 Iron Casting
28:18 Gold Shaft Mining
29:11 Padded Archer Armor
30:11 Fortified Wall
30:35 Leather Archer Armor
30:11 Fletching
33:37 Chain Mail Armor
33:17 Treadmill Crane
33:52 Masonry
33:39 Murder Holes
34:24 Pikeman
39:36 Imperial Age
37:22 Arson
37:39 Squires
37:39 Bodkin Arrow
37:53 Caravan
41:28 Blast Furnace
41:02 Plate Mail Armor
41:32 Halberdier
45:43 Capped Ram
47:18 Onager
50:45 Hand Cart
mcasado10
11:15 Feudal Age
11:44 Loom
17:25 Castle Age
17:13 Double-Bit Axe
17:08 Horse Collar
19:14 Gold Mining
20:12 Stone Mining
26:26 Heavy Plow
28:38 Wheelbarrow
31:59 Imperial Age
30:25 Ballistics
30:30 Bow Saw
30:36 Fletching
30:47 Padded Archer Armor
30:46 Crossbowman
31:54 Hand Cart
31:45 Bodkin Arrow
32:06 Leather Archer Armor
32:07 Masonry
33:06 Arquebus
33:27 Conscription
32:36 Arbalester
33:21 Thumb Ring
34:23 Chemistry
35:11 Two-Man Saw
34:24 Bracer
34:55 Ring Archer Armor
34:24 Elite Organ Gun
37:25 Elite Skirmisher
BachmanN
0:49 Loom
12:20 Feudal Age
12:51 Double-Bit Axe
12:59 Gold Mining
12:58 Horse Collar
21:26 Castle Age
20:06 Fletching
21:24 Wheelbarrow
21:43 Forging
21:27 Fishing Lines
22:09 Heavy Plow
22:19 Bow Saw
22:45 Gold Shaft Mining
23:03 Caravan
23:05 Gillnets
24:53 Bodkin Arrow
25:04 Town Watch
29:27 Imperial Age
31:13 Two-Man Saw
31:13 Conscription
31:36 Bracer
32:12 Iron Casting
31:16 Capped Ram
33:26 Chemistry
33:20 Shinkichon
33:34 Masonry
35:02 Hand Cart
34:47 Pikeman
35:27 Squires
35:14 Arson
34:52 Elite Fire Lancer
34:52 Pikeman
35:47 Heavy Rocket Cart
36:33 Halberdier
39:26 Ballistics
39:12 Siege Engineers
39:09 Scale Mail Armor
38:40 Elite Skirmisher
39:32 Thumb Ring
41:30 Architecture
42:25 Chain Mail Armor
43:31 Elite War Wagon
45:35 Eupseong
46:10 Plate Mail Armor
45:30 Arrowslits
El Cid Cantaor
6:15 Loom
6:29 Loom
12:16 Feudal Age
14:47 Town Watch
17:44 Castle Age
15:55 Double-Bit Axe
15:55 Horse Collar
16:16 Fletching
18:00 Padded Archer Armor
18:34 Bodkin Arrow
19:38 Leather Archer Armor
20:27 Wheelbarrow
25:15 Husbandry
30:17 Imperial Age
30:17 Bow Saw
30:54 Hand Cart
30:48 Gold Mining
32:33 Bracer
33:07 Ballistics
34:06 Conscription
35:45 Chemistry
35:53 Ring Archer Armor
37:34 Hoardings
39:38 Man-at-Arms
40:04 Gambesons
40:19 Squires
40:23 Scale Mail Armor
40:34 Forging
40:54 Long Swordsman
41:51 Chain Mail Armor
42:12 Iron Casting
42:53 Plate Mail Armor
41:46 Two-Handed Swordsman
43:10 Champion
46:55 Blast Furnace
47:29 Caravan
49:33 Heavy Plow
50:49 Arson
52:23 Pikeman
SirT_Efaisto
1:34 Loom
11:30 Feudal Age
15:49 Castle Age
14:07 Horse Collar
14:55 Double-Bit Axe
16:43 Stone Mining
18:41 Bow Saw
22:20 Heavy Plow
25:12 Scale Mail Armor
26:27 Wheelbarrow
25:38 Town Watch
25:33 Hamask
26:13 Arson
26:30 Squires
28:21 Chain Mail Armor
29:11 Forging
31:10 Iron Casting
33:57 Imperial Age
31:05 Pikeman
33:03 Gold Mining
33:48 Stone Shaft Mining
33:56 Fletching
35:22 Gold Shaft Mining
35:12 Conscription
34:34 Elite Varangian Guard
34:35 Halberdier
35:39 Gambesons
36:04 Caravan
37:17 Plate Mail Armor
37:48 Blast Furnace
37:41 Hand Cart
37:26 Town Patrol
37:49 Masonry
40:39 Onager
40:58 Elite Jomsviking
42:09 Siege Onager
46:31 Siege Engineers
48:11 Chemistry
48:39 Northmen's Fury
Connection lost

Rejoining the realm…

Still unreachable

The connection could not be restored.

Session expired

The server has moved on; the page needs a fresh start.